 Dungeon Crawl Stone Soup version 0.24.0-37-gcf1ca852f1 (webtiles) character file.

Game seed: 18117710659407967087, levelgen mode: deterministic

471 Descartes the Sneak (level 6, -3/28 HPs)
             Began as a Felid Monk on Dec 1, 2019.
             Slain by Prince Ribbit (17 damage)
             ... on level 5 of the Dungeon.
             The game lasted 00:07:00 (4209 turns).

Descartes the Sneak (Felid Monk)                    Turns: 4209, Time: 00:07:00

Health: -3/28      AC:  2    Str:  9    XL:     6   Next: 83%
Magic:  7/7        EV: 21    Int: 12    God:
Gold:   162        SH:  3    Dex: 18    Spells: 5/5 levels left
                                        Lives:  0   Deaths: 1

rFire    . . .     SeeInvis +     - Unarmed
rCold    . . .     Gourm    .   (shield unavailable)
rNeg     . . .     Faith    .   (armour unavailable)
rPois    .         Spirit   .   (helmet unavailable)
rElec    .         Reflect  +   (cloak unavailable)
rCorr    .         Harm     .   (gloves unavailable)
MR       .....                  (boots unavailable)
Stlth    ++++......             i - +3 amulet of reflection
HPRegen  0.09/turn              (no ring)
MPRegen  0.10/turn              (no ring)

@: quick
A: very small, no armour, no weapons or thrown items, stealth, claws 1, fangs 3,
see invisible, carnivore, speed 1, shaggy fur 2, slow metabolism 1, sharp paws
a: no special abilities


You were on level 5 of the Dungeon.
You were completely stuffed.

You visited 2 branches of the dungeon, and saw 6 of its levels.

You collected 162 gold pieces.

Inventory:

Missiles
 l - 54 arrows
Jewellery
 g - an uncursed amulet of regeneration
 i - a +3 amulet of reflection (around neck)
Wands
 m - a wand of random effects (14)
 p - a wand of paralysis (11)
Scrolls
 d - 5 scrolls of remove curse
 e - 3 scrolls of teleportation
 h - a scroll of amnesia
 k - a scroll of magic mapping {unknown}
 n - a scroll of identify {unknown}
Potions
 b - 3 potions of haste
 c - 2 potions of magic {unknown}
 j - a potion of berserk rage {unknown}
 o - 2 potions of brilliance {unknown}
 q - 2 potions of might {unknown}
 r - 2 potions of degeneration {unknown}
 s - a potion of agility {unknown}
 t - a potion of ambrosia {unknown}
Comestibles
 a - 9 rations
 f - 3 chunks of flesh


   Skills:
 + Level 4.1 Fighting
 + Level 5.8 Dodging
 - Level 6.2 Stealth
 * Level 5.5 Unarmed Combat


You had 5 spell levels left.
You didn't know any spells.
Your spell library contained the following spells:

 Spells                   Type           Power        Failure   Level  Hunger
 Corona                   Hex            #......      32%         1    ##.....
 Freeze                   Ice            #...         32%         1    ##.....
 Ensorcelled Hibernation  Hex/Ice        #.....       45%         2    ###....
 Throw Frost              Conj/Ice       #.....       45%         2    ###....
 Confuse                  Hex            #.......     69%         3    ####...
 Dazzling Spray           Conj/Hex       #.....       69%         3    ####...
 Ozocubu's Armour         Chrm/Ice       #.......     69%         3    ####...
 Tukima's Dance           Hex            #.......     69%         3    ####...
 Summon Ice Beast         Ice/Summ       #.......     97%         4    #####..
 Throw Icicle             Conj/Ice       #.......     97%         4    #####..


Dungeon Overview and Level Annotations

Branches:
Dungeon (5/15)             Temple (1/1) D:4

Altars:
Ashenzari
Cheibriados
Fedhas
Gozag
Hepliaklqana
Nemelex Xobeh
Okawaru
Qazlal
Trog
Uskayaw
Vehumet
Xom
Zin
The Shining One

Shops:
D:4 (

Annotations:
D:5 Prince Ribbit


Innate Abilities, Weirdness & Mutations

You cannot wear armour.
You are incapable of wielding weapons or throwing items.
Your paws allow you to move quietly. (Stealth)
You have sharp claws.
You have razor-sharp teeth.
You have supernaturally acute eyesight. (SInv)
You are carnivorous and can eat meat at any time.
You cover ground quickly.
You are covered in thick fur. (AC +2)
You have a slow metabolism.
Your sharp claws are effective at attacking unaware monsters.


Message History

Prince Ribbit barely misses you.
You scratch Prince Ribbit. Your claw misses Prince Ribbit.
You bite Prince Ribbit, but do no damage.
Prince Ribbit is moderately wounded.
Prince Ribbit blinks!
Prince Ribbit catches a moth with his tongue.
Prince Ribbit blinks!
Prince Ribbit completely misses you.
You closely miss Prince Ribbit.
Prince Ribbit is moderately wounded.
Prince Ribbit hits you!
Ouch! That really hurt!
You are too injured to fight recklessly!
You are too injured to fight recklessly!
You are too injured to fight recklessly!
You miss Prince Ribbit.
Prince Ribbit is moderately wounded.
Prince Ribbit hits you!
Ouch! That really hurt!
You die...

..............#
....###.....#########
##### #.##....(.....#
#.##..?.......#
#.##S.........# ##
#.##......(...# #.
..##..........# #.
..##..........# #.
..##.....F@...#######
####.
#................###....
.................+....>.
!..........)......###.#.#
##########.$.....# #....
#.......# ###.#
#.......#####.#
#..[...........
####.###.####.#


You could see Prince Ribbit and an adder (wandering).

Vanquished Creatures
  Eustachio (D:5)
  An ogre (D:5)
  A bullfrog zombie (D:5)
  3 worker ants
  2 killer bee zombies
  A howler monkey zombie (D:4)
  10 adders
  2 worms
  2 dart slugs (D:1)
  4 leopard geckos
  An orc (D:3)
  2 ball pythons (D:2)
  2 giant cockroaches
  9 goblins
  10 hobgoblins
  3 quokkas
  9 bats
  7 frilled lizards
  10 kobolds
  A quokka zombie (D:5)
  7 rats
88 creatures vanquished.

Notes
Turn   | Place    | Note
-------+----------+-------------------------------------------
     0 | D:1      | Descartes the Felid Monk began the quest for the Orb.
     0 | D:1      | Reached XP level 1. HP: 10/10 MP: 2/2
    81 | D:1      | Reached XP level 2. HP: 6/14 MP: 3/3
  1033 | D:2      | Reached XP level 3. HP: 17/17 MP: 4/4
  1085 | D:2      | Reached skill level 3 in Stealth
  1588 | D:2      | Reached XP level 4. HP: 21/21 MP: 5/5
  2009 | D:3      | Reached skill level 5 in Dodging
  2130 | D:3      | Reached skill level 4 in Stealth
  2265 | D:3      | Found a hazy altar of Hepliaklqana.
  2266 | D:3      | Found a shimmering altar of Xom.
  2266 | D:3      | Noticed a sphinx zombie
  2267 | D:3      | Noticed a sphinx zombie
  2267 | D:3      | Noticed a spectral ugly thing
  2282 | D:3      | Reached XP level 5. HP: 24/24 MP: 6/6
  2572 | D:4      | Found a glowing silver altar of Zin.
  2572 | D:4      | Found a stormy altar of Qazlal.
  2572 | D:4      | Found an opulent altar of Gozag.
  2626 | D:4      | Slain by a worker ant
  2627 | D:4      | Reached XP level 4. HP: -1/21 MP: 5/5
  2970 | D:4      | Reached XP level 5. HP: 24/24 MP: 6/6
  3074 | D:4      | Found Xeb Attu's Antique Weapon Emporium.
  3076 | D:4      | Found a staircase to the Ecumenical Temple.
  3090 | Temple   | Entered the Ecumenical Temple
  3666 | D:5      | Entered Level 5 of the Dungeon
  3666 | D:5      | Noticed Eustachio
  3679 | D:5      | Killed Eustachio
  3679 | D:5      | Reached skill level 5 in Stealth
  3679 | D:5      | Reached skill level 5 in Unarmed Combat
  3679 | D:5      | Gained mutation: You are covered in thick fur. (AC +2)
                  | [Felid growth]
  3679 | D:5      | Reached XP level 6. HP: 17/28 MP: 7/7
  4162 | D:5      | Reached skill level 6 in Stealth
  4189 | D:5      | Noticed Prince Ribbit
  4209 | D:5      | Slain by Prince Ribbit

Levels and vault maps discovered:
D:1:      scummos_arrival_hexagon, layout_basic
D:2:      layout_basic
D:3:      layout_rooms, regret_index_temple_of_mockery
D:4:      layout_loops_ring, chequers_temple_overflow_statue_of_worship,
          minmay_temple_entry_offerings, serial_shops, shop_statue, first_ration
D:5:      layout_basic, serial_shops, nicolae_shop_stone, uniq_grinder,
          uniq_eustachio, uniq_prince_ribbit1
Temple:   jpeg_temple_island

Skill      XL: |  1  2  3  4  5  6 |
---------------+-------------------+-----
Stealth        | 3 4 5 6 |  6.2
Unarmed Combat | 4 5 |  5.5
Dodging        | 5 |  5.8
Fighting       | 4 |  4.1

Action                   |  1- 3 |  4- 6 || total
-------------------------+-------+-------++-------
Melee: Unarmed           |   123 |   173 ||   296
       Bite              |     9 |    18 ||    27
       Punch             |     1 |       ||     1
  Use: Scroll            |       |     4 ||     4
 Stab: Sleeping          |    10 |    11 ||    21
       Distracted        |       |     1 ||     1
  Eat: Chunk             |     9 |    11 ||    20
Armor: Skin              |     4 |     5 ||     9
Dodge: Dodged            |   127 |   123 ||   250
Block: Other             |     4 |    26 ||    30
       Reflection        |       |     1 ||     1
